Map: Automaton LE

Players

kingut - Winner!

  • Race: Zerg Zerg
  • League: Diamond
  • Spawn Location: 3:00

EmBánGiày

  • Race: Terran Terran
  • League: Diamond
  • Spawn Location: 9:00

VOD

Have the link to the VOD?

Description

Time

  • Played on: Feb. 26, 2019, 11:32 a.m.
  • Length: 21:43
Show
View Real Time Build Order
Export as new Build Order

kingut Zerg - Winner!

Build Orders: Hatch First 

Get SALT Encoding   

  12  0:01  Drone  
  13  0:13  Overlord  
  13  0:18  Drone  
  14  0:32  Drone  
  14  0:33  Drone  
  16  0:36  Drone  
  17  0:56  Hatchery  
  16  0:58  Drone  
  16  1:02  Drone  
  18  1:12  Extractor  
  18  1:18  Spawning Pool  
  16  1:21  Drone  
  16  1:25  Drone  
  18  1:29  Drone  
  19  1:40  Overlord  
  19  2:05  Zergling x4, Queen  
  23  2:09  Queen  
  23  2:10  Drone  
  23  2:15  Drone  
  27  2:17  Metabolic Boost  
  27  2:33  Drone  
  27  2:34  Drone x3  
  31  2:41  Drone  
  32  2:55  Queen  
  32  2:57  Overlord  
  36  3:09  Pneumatized Carapace  
  34  3:16  Hatchery  
  33  3:24  Drone x4  
  33  3:26  Drone  
  33  3:27  Drone x2  
  40  3:35  Queen  
  42  3:46  Evolution Chamber  
  41  3:58  Drone x3  
  41  3:59  Overlord  
  44  4:07  Overlord  
  44  4:12  Zerg Melee Weapons Level 1, Overlord  
  44  4:13  Overlord  
  44  4:29  Drone x5, Queen  
  51  4:39  Baneling Nest  
  50  4:49  Drone x7  
  57  4:54  Zergling x6  
  60  5:00  Extractor  
  60  5:01  Extractor  
  60  5:02  Extractor  
  60  5:03  Overlord x4  
  60  5:04  Overlord  
  57  5:21  Drone x3  
  59  5:23  Lair  
  59  5:24  Drone  
  59  5:25  Drone x2  
  59  5:26  Drone x2  
  59  5:27  Zergling x2, Drone  
  67  5:35  Evolution Chamber  
  66  5:38  Spore Crawler  
  66  5:40  Spore Crawler  
  66  5:41  Spore Crawler  
  63  5:48  Drone x7  
  70  5:50  Extractor  
  70  5:52  Baneling x6, Extractor  
  66  6:10  Drone x8  
  71  6:23  Centrifical Hooks  
  71  6:24  Zerg Melee Weapons Level 2  
  71  6:46  Drone x4  
  75  6:58  Drone x7  
  82  7:05  Infestation Pit  
  82  7:06  Zerg Ground Armor Level 1, Hatchery  
  82  7:08  Zergling x10  
  85  7:09  Overseer  
  85  7:30  Zergling x16  
  85  7:35  Overlord  
  85  7:36  Overlord x2  
  93  7:40  Hatchery  
  93  7:43  Hive  
  92  7:48  Spore Crawler  
  92  7:49  Spore Crawler  
  90  8:10  Zergling x10  
  95  8:18  Spire  
  92  8:25  Drone x13  
  105  8:33  Overlord  
  105  8:34  Overlord x2  
  105  8:44  Overlord x3  
  105  8:51  Extractor  
  105  8:52  Zergling x6  
  105  8:53  Extractor  
  101  9:04  Overlord x3  
  101  9:05  Overlord  
  101  9:06  Drone x3  
  101  9:07  Drone x2  
  101  9:08  Overlord x3, Drone  
  107  9:10  Queen  
  107  9:12  Queen  
  107  9:13  Queen  
  107  9:16  Adrenal Glands  
  113  9:17  Ultralisk Cavern  
  113  9:19  Zergling x2  
  113  9:20  Zergling x6  
  113  9:22  Queen  
  118  9:26  Zergling x2  
  118  9:27  Zergling x8  
  123  9:31  Corruptor x2  
  123  9:32  Corruptor x3  
  123  9:37  Zerg Melee Weapons Level 3  
  133  9:53  Baneling x6  
  133  9:54  Baneling x12  
  133  9:56  Zergling x6  
  130  10:05  Ultralisk  
  130  10:06  Chitinous Plating  
  128  10:07  Overlord  
  127  10:14  Hatchery  
  127  10:17  Zerg Flyer Weapons Level 1  
  127  10:20  Ultralisk  
  137  10:35  Ultralisk  
  137  10:36  Ultralisk  
  137  10:42  Ultralisk  
  147  10:49  Ultralisk  
  128  11:19  Ultralisk x3  
  128  11:23  Ultralisk  
  139  11:26  Zergling x8  
  139  11:29  Hatchery  
  141  11:42  Ultralisk x2  
  159  12:01  Ultralisk x2  
  159  12:03  Zergling x14  
  172  12:34  Hatchery  
  171  12:43  Zergling x18  
  162  12:47  Zergling x2  
  162  12:48  Zergling x30  
  134  13:21  Zergling x2  
  134  13:22  Zergling x32  
  126  13:28  Baneling  
  112  13:42  Ultralisk  
  96  14:17  Zerg Ground Armor Level 2  
  96  14:24  Drone x2  
  96  14:25  Drone  
  96  14:30  Ultralisk x3  
  96  14:31  Ultralisk  
  123  14:37  Hatchery  
  123  14:38  Drone x2  
  124  14:43  Corruptor  
  126  14:51  Zerg Flyer Weapons Level 2  
  126  14:52  Queen  
  126  14:53  Overseer  
  126  14:57  Baneling x3  
  126  14:58  Baneling x4  
  128  15:06  Ultralisk  
  134  15:11  Drone x6  
  140  15:22  Baneling x3  
  140  15:23  Baneling, Ultralisk  
  146  15:34  Ultralisk  
  146  15:35  Corruptor  
  154  15:47  Ultralisk  
  160  16:00  Corruptor, Ultralisk x2  
  160  16:04  Spore Crawler  
  173  16:07  Extractor  
  173  16:08  Extractor  
  171  16:12  Corruptor  
  171  16:13  Corruptor x2  
  171  16:17  Zergling x8  
  181  16:23  Drone x2  
  181  16:24  Drone  
  181  16:25  Drone x3  
  187  16:29  Corruptor x2  
  187  16:31  Zergling x4  
  193  16:38  Anabolic Synthesis  
  193  16:41  Zerg Ground Armor Level 3  
  193  16:54  Zergling x6  
  193  16:55  Zergling x8  
  200  17:11  Zerg Flyer Weapons Level 3  
  200  17:34  Overseer x3  
  200  17:35  Overseer x2  
  200  17:47  Hydralisk Den  
  199  18:14  Hatchery  
  199  18:16  Corruptor  
  200  18:27  Overseer  
  200  18:53  Hatchery  
  200  18:54  Spore Crawler  
  192  19:29  Spore Crawler  
  192  19:30  Spore Crawler  
  190  19:45  Zergling x30  
  181  19:46  Zergling x26  
  140  19:53  Corruptor  
  140  19:54  Corruptor x23  
  140  19:55  Corruptor x3  
  180  20:00  Ultralisk x2  
  180  20:01  Zergling x8  
  180  20:02  Zergling x20  
  180  20:04  Extractor  
  180  20:05  Extractor  
  194  20:13  Zergling x4  
  194  20:14  Zergling x14  
  200  20:20  Queen  
  184  20:24  Zergling x22  
  184  20:25  Zergling x12  
  195  20:31  Drone x4  
  199  20:39  Spore Crawler  
  199  20:41  Spore Crawler  
  191  20:52  Extractor  
  191  20:53  Extractor  
  189  21:19  Zergling x6  
  189  21:20  Zergling x2  
  189  21:23  Zergling x14  
Show
View Real Time Build Order
Export as new Build Order

EmBánGiày Terran 

Build Orders: Reaper Expand 

Get SALT Encoding   

  12  0:01  SCV  
  13  0:13  SCV  
  14  0:18  Supply Depot  
  14  0:25  SCV  
  15  0:40  SCV  
  15  0:41  Barracks  
  16  0:46  Refinery  
  16  0:52  SCV  
  17  1:04  SCV  
  18  1:16  SCV  
  19  1:28  Reaper  
  19  1:29  Orbital Command  
  20  1:48  Command Center  
  20  1:55  Supply Depot  
  20  2:00  Marine  
  21  2:11  Factory  
  21  2:16  SCV  
  21  2:19  Refinery  
  22  2:25  Barracks Reactor  
  22  2:28  SCV  
  23  2:40  SCV  
  24  2:52  SCV  
  24  2:59  Starport  
  24  3:04  Orbital Command  
  23  3:06  SCV  
  23  3:08  Hellion x2  
  23  3:10  Barracks Tech Lab  
  28  3:19  SCV  
  29  3:29  Marine  
  29  3:30  Stimpack, Hellion x2  
  34  3:43  Viking  
  34  3:44  SCV x2  
  34  3:48  Marine  
  39  3:59  Supply Depot, SCV x2  
  41  4:04  Factory Tech Lab  
  41  4:12  SCV  
  41  4:16  Medivac  
  44  4:19  Supply Depot, SCV  
  45  4:25  Command Center  
  45  4:28  Liberator  
  45  4:29  Marine  
  46  4:39  SCV x2  
  46  4:43  Siege Tank  
  51  4:47  Supply Depot  
  54  4:55  SCV x2  
  54  4:56  Marine  
  57  5:08  SCV x2  
  57  5:09  Barracks  
  57  5:10  Barracks  
  59  5:14  Supply Depot  
  59  5:22  Siege Tank  
  59  5:23  Marine  
  59  5:27  Engineering Bay x2  
  63  5:36  SCV  
  63  5:38  Combat Shield  
  63  5:40  SCV  
  63  5:42  Refinery x2  
  65  5:43  Orbital Command  
  65  5:47  Starport Reactor  
  65  6:03  Marine x3  
  67  6:05  Barracks Reactor  
  67  6:10  Siege Tank  
  63  6:11  Barracks  
  63  6:14  Barracks  
  56  6:21  Marine x2  
  56  6:22  SCV  
  56  6:25  SCV, Orbital Command  
  60  6:26  Terran Infantry Weapons Level 1  
  60  6:34  Medivac  
  60  6:35  SCV  
  60  6:37  SCV  
  64  6:41  Missile Turret  
  64  6:42  Missile Turret  
  64  6:43  Marine x4  
  64  6:44  Marine  
  69  6:51  SCV  
  69  6:52  SCV x2  
  72  7:02  Barracks Reactor x2  
  72  7:04  Marine x3  
  72  7:05  Marine x2  
  72  7:06  Medivac  
  72  7:07  SCV x2  
  81  7:08  Terran Infantry Armor Level 1  
  81  7:14  SCV  
  81  7:15  Armory  
  82  7:19  SCV  
  82  7:22  SCV  
  84  7:26  SCV  
  84  7:27  Marine x3  
  84  7:28  Marine  
  89  7:30  Missile Turret  
  89  7:31  SCV  
  90  7:37  Supply Depot  
  90  7:41  Marine x2  
  90  7:42  Marine  
  90  7:44  Marine  
  93  7:50  Supply Depot  
  93  7:52  Supply Depot  
  93  7:58  Marine x3  
  93  7:59  SCV x3, Medivac  
  93  8:01  Supply Depot  
  93  8:03  Supply Depot  
  101  8:11  SCV x3, Marine x5  
  109  8:13  Medivac  
  111  8:23  Supply Depot, SCV  
  111  8:25  SCV x2  
  114  8:29  Command Center  
  114  8:31  Supply Depot, Marine x4  
  114  8:32  Supply Depot x2, Marine x3  
  114  8:33  Marine x2  
  114  8:34  Medivac  
  125  8:38  Terran Vehicle Weapons Level 1  
  125  8:44  Terran Infantry Weapons Level 2  
  125  8:49  Marine  
  125  8:50  Factory, Marine x5  
  131  9:03  Marine x3  
  131  9:05  Medivac  
  131  9:07  SCV x2  
  131  9:08  Sensor Tower  
  138  9:10  Refinery x2  
  138  9:17  Missile Turret  
  138  9:24  Liberator  
  138  9:25  Marine  
  138  9:26  Marine x3  
  138  9:29  Missile Turret, SCV x3  
  138  9:31  Marine x4  
  145  9:32  Siege Tank, Marine  
  153  9:41  Medivac  
  153  9:43  Marine x2  
  153  9:44  Marine x2  
  153  9:45  Factory Tech Lab  
  162  9:46  Terran Infantry Armor Level 2  
  162  9:47  SCV  
  162  9:49  Supply Depot, Marine x2  
  162  10:07  Marine x3  
  162  10:12  Marine  
  162  10:13  Marine x5  
  169  10:14  Siege Tank x2  
  171  10:25  Marine x3  
  171  10:30  Marine x3  
  171  10:31  Marine x3  
  177  10:42  Medivac x2, Marine  
  180  10:43  Marine x2  
  180  10:46  Siege Tank  
  180  10:47  Barracks x2  
  180  10:48  Barracks, Marine x3  
  188  10:51  Marine x2  
  188  11:00  Marine x2  
  188  11:03  Marine x2  
  188  11:10  Liberator x2  
  188  11:13  Marine x3  
  188  11:14  Siege Tank, Marine  
  188  11:15  Marine  
  188  11:18  Marine x2  
  175  11:21  Marine  
  175  11:25  Marine  
  174  11:26  Siege Tank  
  174  11:31  Marine x2  
  184  11:36  Marauder  
  184  11:38  Planetary Fortress  
  177  11:41  SCV x3  
  177  11:43  Barracks Tech Lab  
  177  11:44  Barracks Tech Lab x2  
  177  11:46  Siege Tank  
  177  11:47  Terran Vehicle Weapons Level 2  
  183  11:53  SCV  
  182  12:12  Marauder  
  182  12:13  Concussive Shells, Marauder x2  
  188  12:36  Marine  
  188  12:38  Marine  
  188  12:43  Marine  
  188  12:45  Marauder x2  
  188  12:50  Marine x2  
  188  12:51  Marine  
  146  12:53  Marine x2  
  146  12:56  Marine x3  
  116  12:58  Thor x2  
  116  13:00  Terran Infantry Armor Level 3, Terran Infantry Weapons Level 3  
  116  13:03  Ghost Academy  
  116  13:05  Starport  
  128  13:06  Starport, Marauder  
  128  13:07  Fusion Core, Marauder  
  128  13:08  Refinery  
  128  13:09  Refinery  
  128  13:14  Marauder  
  128  13:15  Marine x2, Marauder  
  128  13:17  Liberator x2  
  112  13:31  Marine x4  
  112  13:33  Marauder x2  
  108  13:36  Marauder x2  
  108  13:39  Marine x3  
  101  13:45  Marine  
  94  13:49  Marine x4  
  84  14:12  Command Center  
  84  14:15  Marauder x3  
  90  14:19  Starport Reactor, Starport Tech Lab  
  90  14:25  Siege Tank  
  90  14:29  Medivac  
  95  14:39  Marauder  
  95  14:40  Marauder x2  
  101  14:48  Liberator, Marauder  
  101  14:51  Drilling Claws  
  103  15:01  Marauder  
  103  15:03  Medivac  
  103  15:04  Medivac  
  112  15:15  Marauder x2  
  112  15:19  Terran Ship Weapons Level 1  
  116  15:25  Marauder  
  118  15:37  Marauder x2  
  118  15:40  Widow Mine  
  124  15:47  Liberator x2  
  124  15:48  Missile Turret  
  124  15:51  Marauder x2  
  124  15:54  SCV x2, Liberator  
  124  15:55  SCV, Liberator x2  
  124  15:57  Planetary Fortress  
  131  16:03  Advanced Ballistics  
  137  16:18  Missile Turret  
  146  16:20  Marauder x4  
  146  16:22  Widow Mine  
  146  16:24  Widow Mine  
  158  16:34  Refinery x2  
  158  16:37  Personal Cloaking  
  158  16:43  Widow Mine  
  158  16:46  Command Center  
  160  16:47  Viking x2  
  164  16:57  Widow Mine  
  164  16:58  Viking x2  
  170  17:05  Widow Mine  
  170  17:07  Viking  
  174  17:14  Neosteel Armor  
  174  17:16  Supply Depot  
  174  17:17  Supply Depot  
  174  17:19  Widow Mine  
  176  17:24  Missile Turret  
  176  17:25  Viking x2  
  176  17:26  Widow Mine  
  182  17:30  Missile Turret  
  182  17:33  Missile Turret  
  182  17:53  SCV x4  
  182  17:54  Ghost x2  
  182  17:55  Ghost  
  192  18:05  SCV  
  193  18:07  Orbital Command  
  193  18:10  Viking  
  195  18:14  Terran Ship Weapons Level 2  
  195  18:31  Sensor Tower  
  195  18:38  Barracks Tech Lab  
  195  18:41  Barracks Tech Lab  
  195  18:45  Medivac x2  
  199  18:52  Missile Turret  
  199  19:43  Barracks x2  
  199  19:44  Starport  
  193  19:52  Viking x3  
  149  19:53  Viking x2, Marine x3  
  149  19:54  Marine x4, Marauder  
  149  19:55  Marauder x2  
  157  20:11  Marine x3  
  157  20:12  Marauder  
  131  20:22  Viking x3  
  131  20:23  Viking  
  121  20:32  Marine x6  
  121  20:33  Marine  
  120  20:47  Widow Mine, Orbital Command  
  120  20:48  Widow Mine  
  124  20:58  Barracks Tech Lab x2  
  124  21:01  Starport Reactor  
  105  21:37  Unknown x4  
Tags
 
Add a new tag
Caveats
  • Supply blocks, unpowered buildings, or Contaminate may cause inaccurate times.
  • Supply counts are checked every 10 seconds.